 Dungeon Crawl Stone Soup version 0.20.0-10-g0535bb4 (webtiles) character file.

161 tsouns the Chopper (level 5, -3/45 HPs)
             Began as a Hill Orc Wanderer on June 3, 2017.
             Slain by Duvessa
             ... wielding a +0 short sword
              (5 damage)
             ... on level 4 of the Dungeon.
             The game lasted 00:09:17 (3858 turns).

tsouns the Chopper (Hill Orc Wanderer)              Turns: 3858, Time: 00:09:18

Health: -3/45      AC:  6    Str: 14    XL:     5   Next: 42%
Magic:  17/17      EV:  8    Int: 13    God:
Gold:   190        SH:  0    Dex: 11    Spells: 7/8 levels left

rFire    + . .     SeeInvis .   h - +1 hand axe
rCold    . . .     Gourm    .   (no shield)
rNeg     . . .     Faith    .   i - +0 scale mail
rPois    .         Spirit   .   (no helmet)
rElec    .         Reflect  .   (no cloak)
rCorr    .         Harm     .   (no gloves)
MR       .....                  (no boots)
Stlth    ..........             (no amulet)
Regen    0.2/turn               l - ring of magical power
MPRegen  0.2/turn               n - ring of protection from fire

@: flying, very slightly contaminated, invisible
A: no striking features
a: no special abilities


You were on level 4 of the Dungeon.
You were hungry.

You visited 1 branch of the dungeon, and saw 4 of its levels.

You collected 190 gold pieces.

Inventory:

Hand Weapons
 e - a +0 club
 h - a +1 hand axe (weapon)
Missiles
 g - 157 stones (quivered)
Armour
 d - a +0 robe
 i - a +0 scale mail (worn)
Jewellery
 l - a ring of magical power (left hand)
 n - a ring of protection from fire (right hand)
Wands
 a - a wand of enslavement (18/24)
Books
 b - the Papyrus of Weightlessness

   Spells                             Type                      Level
   a - Shock                          Conjuration/Air              1
   b - Static Discharge               Conjuration/Air              3
 c - the Almanac of Earth

   Spells                             Type                      Level
   a - Sandblast                      Earth                        1
   b - Stone Arrow                    Conjuration/Earth            3
Comestibles
 f - 4 bread rations
 k - a royal jelly


   Skills:
 + Level 3.4 Fighting
 * Level 4.5(4.7) Axes
 - Level 1.4(2.8) Maces & Flails
 - Level 1.0 Stealth
 - Level 2.4 Spellcasting
   Level 1.0 Conjurations
   Level 1.0 Hexes
   Level 1.5 Translocations
 - Level 1.0 Earth Magic
 - Level 1.0 Evocations


You had 7 spell levels left.
You knew the following spells:

 Your Spells              Type           Power        Failure   Level  Hunger
a - Sandblast             Erth           #.....       58%         1    #......


Dungeon Overview and Level Annotations

Branches:
Dungeon (4/15)
 Temple: D:4-7

Altars:
Ashenzari
Nemelex Xobeh
Vehumet
Xom

Annotations:
D:4 1 runed door, Duvessa


Message History

You are very lightly contaminated with residual magic.
You barely miss Duvessa.
Duvessa is severely wounded.
Duvessa hits you with a short sword.
* * * LOW HITPOINT WARNING * * *
Duvessa screams.
There is an open door here.
You catch the helpless Duvessa completely off-guard!
You hit Duvessa but do no damage.
Duvessa is severely wounded.
It was a potion of flight.
You feel very buoyant.
You fly up into the air.
You hit Duvessa.
Duvessa is almost dead.
Duvessa barely misses you.
You hit Duvessa but do no damage.
Duvessa is almost dead.
Duvessa hits you with a short sword.
You die...

...#.#....###........#
..##.##..............#
#...#..............#
##...##.....##'######
#.....#.....##.....##
#.....#.............#
###..[..##..........#
########....e.....#
#......@....#
#...##'###############
#...##.....##..##....##
##..##......#.........#
######......#........##
#........<..#..##....#
#...........#..#######
#<..........#...#
#>.........##..##


You could see Duvessa.

Vanquished Creatures
  6 adders
  An ooze (D:1)
  An adder zombie (D:1)
  2 worms (D:2)
  4 dart slugs
  A leopard gecko (D:1)
  3 bats
  2 giant cockroaches
  7 goblins
  4 hobgoblins
  3 jackals (D:1)
  A quokka (D:2)
  2 ball pythons
  A ball python zombie (D:1)
  2 frilled lizards (D:1)
  5 kobolds
  7 rats
52 creatures vanquished.

Vanquished Creatures (collateral kills)
  Dowan (D:4)
  A frilled lizard (D:2)
2 creatures vanquished.

Vanquished Creatures (others)
  A hobgoblin (D:2)
1 creature vanquished.

Grand Total: 55 creatures vanquished

Notes
Turn   | Place    | Note
-------+----------+-------------------------------------------
     0 | D:1      | tsouns the Hill Orc Wanderer began the quest for the Orb.
     0 | D:1      | tsouns set off with: a wand of enslavement (15/24), the Papyrus of Weightlessness, the Almanac of Earth, a +0 robe, a +0 club, a bread ration
     0 | D:1      | Reached XP level 1. HP: 14/14 MP: 3/3
     0 | D:1      | Identified the Papyrus of Weightlessness
     0 | D:1      | Identified the Almanac of Earth
     2 | D:1      | Learned a level 1 spell: Sandblast
   256 | D:1      | Reached skill level 1 in Fighting
   342 | D:1      | Reached XP level 2. HP: 21/23 MP: 5/5
   697 | D:1      | Reached skill level 1 in Maces & Flails
  1394 | D:1      | Reached XP level 3. HP: 23/29 MP: 6/6
  1401 | D:1      | Reached skill level 1 in Axes
  1558 | D:2      | Reached skill level 2 in Axes
  1632 | D:2      | Found a sparkling altar of Nemelex Xobeh.
  1771 | D:2      | Reached XP level 4. HP: 21/37 MP: 7/7
  2017 | D:2      | Reached skill level 3 in Axes
  2995 | D:2      | Found a shimmering altar of Xom.
  3142 | D:3      | Reached XP level 5. HP: 40/45 MP: 8/8
  3143 | D:3      | Reached skill level 4 in Axes
  3454 | D:3      | Noticed an ogre
  3589 | D:3      | Found a radiant altar of Vehumet.
  3626 | D:4      | Found a shattered altar of Ashenzari.
  3716 | D:4      | Found a runed door.
  3789 | D:4      | Noticed Dowan
  3790 | D:4      | Noticed Duvessa
  3809 | D:4      | Killed Dowan
  3851 | D:4      | HP: 1/45 [Duvessa/short sword (2)]
  3858 | D:4      | Slain by Duvessa

Skill      XL: |  1  2  3  4  5 |
---------------+----------------+-----
Fighting       | 1 2 3 |  3.4
Maces & Flails | 1 |  1.4
Axes           | 2 3 4 |  4.5
Stealth        | |  1.0
Spellcasting   | |  2.4
Conjurations   | |  1.0
Hexes          | |  1.0
Translocations | |  1.5
Earth Magic    | |  1.0
Evocations     | |  1.0

Action                   |  1- 3 |  4- 6 || total
-------------------------+-------+-------++-------
Melee: Club              |    48 |       ||    48
       Hand axe          |    77 |   151 ||   228
 Cast: Sandblast         |     4 |       ||     4
Evoke: Wand              |     3 |     3 ||     6
  Use: Scroll            |     3 |     6 ||     9
       Potion            |     2 |     2 ||     4
 Stab: Invisible         |       |     1 ||     1
  Eat: Chunk             |     3 |     6 ||     9
Armor: Robe              |     6 |       ||     6
       Scale mail        |    58 |    70 ||   128
Dodge: Dodged            |    77 |    49 ||   126
